 Dungeon Crawl Stone Soup version 0.25-a0-200-g5ba96148f3 (webtiles) character file.

Game seed: 9915653154416542347, levelgen mode: deterministic

147 D1HalberdGnoll the Poker (level 5, -5/43 HPs)
             Began as a Merfolk Skald on Dec 2, 2019.
             Slain by an orc priest
             ... wielding a +0 flail
              (9 damage)
             ... on level 3 of the Dungeon.
             The game lasted 00:03:01 (2057 turns).

D1HalberdGnoll the Poker (Merfolk Skald)            Turns: 2057, Time: 00:03:02

Health: -5/43      AC:  5    Str: 10    XL:     5   Next: 29%
Magic:  5/8        EV: 13    Int: 20    God:
Gold:   75         SH:  0    Dex: 13    Spells: 7/8 levels left

rFire    . . .     SeeInvis .   h - +2 spear (pain)
rCold    . . .     Gourm    .   (no shield)
rNeg     . . .     Faith    .   b - +0 leather armour
rPois    .         Spirit   .   (no helmet)
rElec    .         Reflect  .   (no cloak)
rCorr    .         Harm     .   (no gloves)
MR       .....                  (no boots)
Stlth    +.........             (no amulet)
HPRegen  0.14/turn              (no ring)
MPRegen  0.11/turn              (no ring)

@: brilliant, infused (expiring)
A: change form in water, swift swim, stealthy swim, rugged brown scales 2,
clever 1, weak 1
a: no special abilities


You were on level 3 of the Dungeon.
You were hungry.

You visited 1 branch of the dungeon, and saw 3 of its levels.

You collected 75 gold pieces.

Inventory:

Hand Weapons
 h - a +2 spear of pain (weapon)
   (You found it on level 1 of the Dungeon)
Armour
 b - a +0 leather armour (worn)
Jewellery
 j - a cursed ring of wizardry {unknown}
   (You found it on level 1 of the Dungeon)
 n - an uncursed ring of magical power {unknown}
   (You found it on level 2 of the Dungeon)
Wands
 v - a wand of digging (1)
   (You took it off Jessica on level 2 of the Dungeon)
Scrolls
 d - a scroll of identify {unknown}
 f - 2 scrolls of random uselessness {unknown}
 g - 2 scrolls of teleportation {unknown}
 k - 3 scrolls of remove curse {unknown}
 l - 3 scrolls of fog {unknown}
Comestibles
 e - 7 rations {!d}


   Skills:
 + Level 3.4 Fighting
 * Level 5.9 Polearms
 - Level 0.6 Armour
 + Level 4.1 Dodging
 - Level 2.0 Spellcasting
 - Level 3.2 Charms


You had 7 spell levels left.
You knew the following spells:

 Your Spells              Type           Power        Failure   Level  Hunger
a - Infusion              Chrm           ####         1%          1    #......

Your spell library contained the following spells:

 Spells                   Type           Power        Failure   Level  Hunger
 Song of Slaying          Chrm           ####....     1%          2    ##.....
 Shroud of Golubria       Chrm/Tloc      ###...       2%          2    ##.....
 Regeneration             Chrm/Necr      ###.......   4%          3    ###....
 Spectral Weapon          Hex/Chrm       ###.....     4%          3    ###....


Dungeon Overview and Level Annotations

Branches:
Dungeon (3/15)

Altars:


Innate Abilities, Weirdness & Mutations

You revert to your normal form in water.
You are very nimble and swift while swimming.
You are very stealthy in the water. (Stealth+)
You are mostly covered in rugged brown scales. (AC +2, +5% HP)
Your mind is acute. (Int +2)
You are weak. (Str -2)


Message History

The orc priest shouts!
You hit the orc. The orc hits you.
You hit the orc.
You kill the orc!
You begin infusing your attacks with magical energy.
You see here a +0 leather armour.
You barely miss the orc priest. You hit the orc priest.
The orc priest hits you with a +0 flail!
The orc hits you with a +0 whip.
You closely miss the orc priest.
The orc priest invokes the aid of Beogh against you.
Beogh smites you!
* * * LOW HITPOINT WARNING * * *
You closely miss the orc priest. The orc misses you.
The orc priest hits you with a +0 flail.
* * * LOW HITPOINT WARNING * * *
It was a potion of brilliance.
You feel clever all of a sudden. The orc closely misses you.
It was a potion of curing.
You feel better.
The orc priest hits you with a +0 flail.
* * * LOW HITPOINT WARNING * * *
The orc misses you.
You hit the orc priest but do no damage.
The orc hits you with a +0 whip.
* * * LOW HITPOINT WARNING * * *
The orc priest hits you but does no damage.
You hit the orc priest. The orc misses you.
The orc priest hits you with a +0 flail.
* * * LOW HITPOINT WARNING * * *
It was a potion of mutation.
You feel extremely strange.
You feel clever.
You feel weaker.
Rugged brown scales grow over part of your body.
Rugged brown scales spread over more of your body.
The orc closely misses you.
You hit the orc priest but do no damage.
The orc priest closely misses you. The orc barely misses you.
You closely miss the orc priest.
The orc priest mumbles some strange prayers to Beogh against you.
Beogh smites you!
* * * LOW HITPOINT WARNING * * *
You aren't carrying any potions.
Unknown command.
Okay, then.
You hit the orc priest.
Your magical infusion is running out.
The orc hits you but does no damage.
The orc priest hits you with a +0 flail!
You die...

####### ......##
.....# ######## .
.o#####..####......#
................####.#
#....####..####.# #.#
#.....o@o..# #.####.#
#################.##.#
........##.#
..#...#.##.#
...........#
..#...#.#### .......<#
#######.# #.#


You could see an orc priest and an orc.

Vanquished Creatures
  Jessica (D:2)
  Natasha (twice) (D:2)
  A gnoll (D:1)
  An adder (D:2)
  An ooze (D:2)
  A dart slug (D:1)
  3 leopard geckos
  An orc (D:3)
  7 bats
  A giant cockroach (D:2)
  3 hobgoblins
  6 kobolds
  A quokka (D:2)
  A ball python (D:1)
  3 frilled lizards (D:1)
  6 goblins (D:1)
  12 rats
51 creatures vanquished.

Notes
Turn   | Place    | Note
-------+----------+-------------------------------------------
     0 | D:1      | D1HalberdGnoll the Merfolk Skald began the quest for the
                  | Orb.
     0 | D:1      | Reached XP level 1. HP: 16/16 MP: 3/3
   121 | D:1      | Reached XP level 2. HP: 23/23 MP: 5/5
   461 | D:1      | Reached skill level 4 in Polearms
   510 | D:1      | Reached XP level 3. HP: 28/28 MP: 6/6
  1049 | D:2      | Noticed Jessica
  1060 | D:2      | Killed Jessica
  1060 | D:2      | Reached skill level 5 in Polearms
  1060 | D:2      | Reached XP level 4. HP: 31/35 MP: 7/7
  1091 | D:2      | Noticed Natasha
  1107 | D:2      | Killed Natasha
  1470 | D:2      | Noticed Natasha
  1479 | D:2      | Killed Natasha
  1479 | D:2      | Reached XP level 5. HP: 41/41 MP: 8/8
  2054 | D:3      | Gained mutation: Your mind is acute. (Int +2) [potion of
                  | mutation]
  2054 | D:3      | Gained mutation: You are weak. (Str -2) [potion of
                  | mutation]
  2054 | D:3      | Gained mutation: You are partially covered in rugged brown
                  | scales. (AC +1, +3% HP) [potion of mutation]
  2054 | D:3      | Gained mutation: You are mostly covered in rugged brown
                  | scales. (AC +2, +5% HP) [potion of mutation]
  2057 | D:3      | Slain by an orc priest

Levels and vault maps discovered:
D:1:      shiori_angband_town, layout_basic, minmay_misc_feat_five
D:2:      layout_basic, uniq_jessica, uniq_natasha
D:3:      layout_loops_corners, lemuel_coloured_pillars_altar, first_ration

Skill      XL: |  1  2  3  4 |
---------------+-------------+-----
Dodging        | 3 4 |  4.1
Polearms       | 4 5 |  5.9
Fighting       | 3 |  3.4
Armour         | |  0.6
Spellcasting   | |  2.0
Charms         | |  3.2

Action                   |  1- 3 |  4- 6 || total
-------------------------+-------+-------++-------
Melee: Spear             |    98 |    61 ||   159
 Cast: Infusion          |       |     2 ||     2
  Use: Potion            |       |     3 ||     3
 Stab: Sleeping          |       |     1 ||     1
  Eat: Chunk             |       |     3 ||     3
Armor: Leather armour    |    12 |     9 ||    21
Dodge: Dodged            |    37 |    24 ||    61

Table legend:
 A = Non-vault XP
 B = Vault XP
 C = Vault XP percentage of total XP
 D = Non-vault monster count
 E = Vault monster count
 F = Vault count percentage of total count
                 A         B        C        D         E       F
            +---------+---------+-------+---------+---------+-------
      Total |     139 |      72 |  34.1 |      49 |       2 |   3.9
            +---------+---------+-------+---------+---------+-------
        D:1 |      57 |       0 |   0.0 |      28 |       0 |   0.0
        D:2 |      78 |      72 |  48.0 |      19 |       2 |   9.5
        D:3 |       4 |       0 |   0.0 |       2 |       0 |   0.0
            +---------+---------+-------+---------+---------+-------
